AoeStats
← WarioTime™

Socotra

505745146Analyzed
2v2 RM · 20d ago on Sep 10, 2026· 50m 44s· 4 players
Game mode
Random Map
Map size
Tiny (2 player)
Population
200
Speed
Normal
Resources
Standard
Victory
Conquest
Starting age
Dark Age
Ending age
Imperial Age
RankedLock teamsTeams togetherTeam positionsShared explorationLock speedFull tech treeHidden civsTurbo modeCheats
Victory
Defeat
🇩🇪 Franks · Germany
709
+15
🇩🇪 Aztecs · Germany
709
+15
🇺🇸 Goths · United States
698
-15
🇺🇸 Cumans · United States
697
-15
Crawp
2:21 Loom
13:45 Feudal Age
16:11 Man-at-Arms
49:38 Castle Age
49:39 Scale Mail Armor
49:57 Pikeman
50:39 Squires
Assadar
0:48 Loom
13:51 Feudal Age
14:27 Horse Collar
14:36 Double-Bit Axe
29:51 Fletching
33:52 Wheelbarrow
42:01 Castle Age
42:15 Capped Ram
43:35 Bloodlines
45:39 Forging
47:25 Heavy Plow
47:26 Bodkin Arrow
47:54 Murder Holes
48:20 Ballistics
48:47 Scale Barding Armor
49:33 Heavy Plow
49:46 Bow Saw
WarioTime™
8:54 Loom
15:00 Feudal Age
19:50 Arson
21:25 Forging
21:15 Scale Mail Armor
31:21 Castle Age
34:03 Castle Age
35:19 Iron Casting
34:59 Chain Mail Armor
35:59 Sanctity
35:59 Redemption
36:07 Fervor
42:08 Imperial Age
41:55 Eagle Warrior
42:37 Squires
50:54 Imperial Age
BigMaster62
9:15 Loom
9:31 Loom
11:16 Feudal Age
14:14 Double-Bit Axe
25:59 Gold Mining
28:29 Castle Age
27:34 Forging
27:30 Scale Barding Armor
28:04 Stone Mining
29:41 Husbandry
36:28 Gold Shaft Mining
42:30 Imperial Age
43:00 Cavalier
43:53 Elite Throwing Axeman
45:22 Paladin
46:48 Conscription
48:17 Iron Casting
Connection lost

Rejoining the realm…

Still unreachable

The connection could not be restored.

Session expired

The server has moved on; the page needs a fresh start.